 Dungeon Crawl Stone Soup version 0.19.1-1-g22dce08 (webtiles) character file.

109 Nebel the Skirmisher (level 4, -2/45 HPs)
             Began as a Minotaur Fighter on Jan 9, 2017.
             Slain by a gnoll
             ... wielding a +0 spear
              (5 damage)
             ... on level 3 of the Dungeon.
             The game lasted 00:09:36 (1976 turns).

Nebel the Skirmisher (Minotaur Fighter)             Turns: 1976, Time: 00:09:37

Health: -2/45      AC:  7    Str: 21    XL:     4   Next: 60%
Magic:  3/3        EV:  7    Int:  5    God:
Gold:   141        SH:  9    Dex: 10    Spells: 0 memorised, 3 levels left

rFire  + . .     SeeInvis .     p - +0 spear
rCold  + . .     Gourm    .     b - +0 scale mail
rNeg   . . .     Faith    .     c - +0 shield
rPois  +         Spirit   .     (helmet restricted)
rElec  +         Reflect  .     (no cloak)
rCorr  +         Harm     .     (no gloves)
MR     .....                    (no boots)
Stlth  ..........               (no amulet)
                                (no ring)
                                l - ring of resist corrosion

@: resistant
A: retaliatory headbutt, horns 2
a: no special abilities


You were on level 3 of the Dungeon.
You were not hungry.

You visited 1 branch of the dungeon, and saw 3 of its levels.

You collected 141 gold pieces.

Inventory:

Hand Weapons
 a - a +0 flail
 p - a +0 spear (weapon)
Missiles
 t - a throwing net (quivered)
Armour
 b - a +0 scale mail (worn)
 c - a +0 shield (worn)
Jewellery
 l - a ring of resist corrosion (left hand)
Scrolls
 e - 2 scrolls of identify
 g - a scroll of random uselessness {unknown}
 h - a scroll of remove curse {unknown}
 k - a scroll of teleportation {unknown}
 m - a scroll of magic mapping {unknown}
Potions
 d - 4 potions of might
 j - a potion of ambrosia {unknown}
 n - a potion of resistance
 o - a potion of curing {unknown}
Books
 s - a book of Alchemy

   Spells                             Type                      Level
   a - Sublimation of Blood           Necromancy                   2
   b - Ignite Poison                  Fire/Transmutation/Poison    3
   c - Petrify                        Transmutation/Earth          4
   d - Alistair's Intoxication        Transmutation/Poison         5
   e - Irradiate                      Conjuration/Transmutation    5
Comestibles
 f - 2 bread rations
 i - 2 beef jerkies
 q - 2 chunks of flesh
 r - a meat ration


   Skills:
 + Level 6.3 Fighting
 - Level 2.4 Maces & Flails
 - Level 3.7 Armour
 - Level 3.8 Shields


You had 3 spell levels left.
You didn't know any spells.

Dungeon Overview and Level Annotations

Branches:
Dungeon (3/15)

Altars:
Elyvilon
Gozag
Makhleb
Qazlal
Sif Muna
Xom


Innate Abilities, Weirdness & Mutations

You reflexively headbutt those who attack you in melee.
You have a pair of horns on your head.


Message History

The gnoll barely misses you.
The gnoll hits you from afar with a spear.
You block the gnoll's attack.
You hit the gnoll but do no damage.
The gnoll is severely wounded.
The gnoll hits you with a whip.
* * * LOW HITPOINT WARNING * * *
The gnoll hits you but does no damage. The gnoll hits you with a whip.
* * * LOW HITPOINT WARNING * * *
The gnoll hits you from afar with a spear.
* * * LOW HITPOINT WARNING * * *
Sorry, you're not good enough to have a special ability.
Unknown command.
It was a potion of resistance.
You feel protected. You block the gnoll's attack. The gnoll barely misses you.
Gozag petitions for your drink to fail. You block the gnoll's attack.
The gnoll hits you but does no damage.
The gnoll hits you from afar with a spear.
You die...

###'###...<....# #.#
####.....# #.# #.)...#
###.######.....#
+..................
...###.##########.####
#..........# ...
#..........##########
#..........@g........
#..........##g..####
#..........##...+
#..........##...#
#############...#
#...# #...# #...#
#....


You could see 2 gnolls.

Vanquished Creatures
  A gnoll (D:3)
  5 adders (D:2)
  An ooze (D:3)
  3 worms (D:2)
  A dart slug (D:2)
  2 leopard geckos
  4 bats (D:2)
  3 giant cockroaches
  5 goblins
  3 hobgoblins
  A quokka (D:2)
  4 frilled lizards
  A jackal skeleton (D:3)
  3 kobolds (D:1)
  3 rats (D:2)
40 creatures vanquished.

Notes
Turn   | Place    | Note
-------+----------+-------------------------------------------
     0 | D:1      | Nebel the Minotaur Fighter began the quest for the Orb.
     0 | D:1      | Reached XP level 1. HP: 19/19 MP: 0/0
   339 | D:1      | Reached skill level 4 in Fighting
   368 | D:1      | Reached XP level 2. HP: 27/27 MP: 1/1
  1161 | D:2      | Reached XP level 3. HP: 35/35 MP: 2/2
  1206 | D:2      | Reached skill level 5 in Fighting
  1522 | D:2      | Found a stormy altar of Qazlal.
  1669 | D:2      | Reached XP level 4. HP: 40/44 MP: 3/3
  1714 | D:2      | Found a faded altar of an unknown god.
  1714 | D:2      | Found a faded altar of an unknown god.
  1728 | D:2      | Found a white marble altar of Elyvilon.
  1730 | D:2      | Found a faded altar of an unknown god.
  1731 | D:2      | Found a faded altar of an unknown god.
  1742 | D:2      | Became a worshipper of Gozag Ym Sagoz the Greedy
  1800 | D:2      | Fell from the grace of Gozag
  1800 | D:2      | Became a worshipper of Makhleb the Destroyer
  1800 | D:2      | Reached * piety under Makhleb
  1803 | D:2      | Fell from the grace of Makhleb
  1803 | D:2      | Became a worshipper of Sif Muna the Loreminder
  1803 | D:2      | Reached * piety under Sif Muna
  1814 | D:2      | Fell from the grace of Sif Muna
  1814 | D:2      | Became a worshipper of Xom the Begetter of Turbulence
  1821 | D:2      | XOM: harmless Tloc miscast
  1824 | D:2      | Fell from the grace of Xom
  1824 | D:2      | Became a worshipper of Makhleb the Destroyer
  1854 | D:2      | Reached skill level 6 in Fighting
  1855 | D:2      | Fell from the grace of Makhleb
  1974 | D:3      | HP: 2/45 [gnoll/spear (5)]
  1976 | D:3      | Slain by a gnoll

Skill      XL: |  1  2  3  4 |
---------------+-------------+-----
Fighting       | 4 5 6 |  6.3
Maces & Flails | |  2.4
Armour         | |  3.7
Shields        | |  3.8

Action                   |  1- 3 |  4- 6 || total
-------------------------+-------+-------++-------
Melee: Flail             |    54 |       ||    54
       Headbutt          |    10 |     6 ||    16
       Spear             |    44 |    29 ||    73
Invok: Renounce Religion |       |     1 ||     1
  Use: Scroll            |     1 |       ||     1
       Potion            |       |     1 ||     1
  Eat: Chunk             |     3 |     1 ||     4
Armor: Scale mail        |    39 |     9 ||    48
Dodge: Dodged            |    26 |    11 ||    37
Block: Shield            |    52 |    22 ||    74
